Map: Lightshade LE

Players

Probe

  • Race: Protoss Protoss

Scarlett - Winner!

  • Race: Zerg Zerg

Event: DreamHack SC2 Masters 2021 Fall

VOD

Have the link to the VOD?

Description

Time

  • Played on: Sept. 9, 2021, 12:05 p.m.
  • Length: 6:50

All games in this series

Show
View Real Time Build Order
Export as new Build Order

Probe Protoss 

Build Orders: 1 Gate Expand, Oracle Opening 

Get SALT Encoding   

  12  0:00  Probe  
  13  0:12  Probe  
  14  0:20  Pylon  
  14  0:25  Probe  
  15  0:38  Probe (Chrono Boost)  
  16  0:44  Gateway  
  16  0:48  Probe (Chrono Boost)  
  17  0:53  Probe (Chrono Boost)  
  18  0:57  Assimilator  
  18  1:04  Probe  
  19  1:17  Probe  
  20  1:26  Nexus  
  20  1:36  Cybernetics Core  
  21  1:40  Probe  
  21  1:46  Assimilator  
  21  1:52  Probe  
  22  1:54  Pylon  
  22  2:03  Probe  
  23  2:11  Probe, Adept (Chrono Boost)  
  23  2:15  Warp Gate  
  25  2:19  Probe  
  27  2:30  Probe  
  27  2:33  Adept (Chrono Boost)  
  30  2:39  Probe  
  30  2:40  Stargate  
  30  2:42  Probe  
  32  2:51  Probe  
  33  2:54  Probe  
  34  3:03  Probe (Chrono Boost)  
  35  3:06  Probe (Chrono Boost)  
  36  3:14  Pylon  
  36  3:17  Void Ray (Chrono Boost)  
  36  3:19  Gateway, Probe (Chrono Boost)  
  38  3:21  Probe (Chrono Boost)  
  38  3:25  Probe (Chrono Boost)  
  43  3:28  Probe (Chrono Boost)  
  44  3:34  Probe  
  44  3:39  Probe  
  46  3:46  Probe  
  47  3:51  Probe  
  47  3:54  Oracle (Chrono Boost)  
  51  3:56  Nexus  
  51  3:58  Probe  
  51  4:02  Pylon  
  52  4:03  Probe  
  52  4:05  Assimilator  
  52  4:08  Assimilator  
  53  4:10  Probe  
  54  4:18  Probe  
  54  4:22  Probe  
  54  4:24  Twilight Council  
  55  4:25  Forge  
  55  4:30  Probe  
  56  4:35  Probe  
  57  4:40  Gateway  
  57  4:42  Gateway  
  57  4:43  Probe  
  58  4:47  Shield Battery, Probe  
  59  4:55  Gateway, Probe  
  59  4:56  Gateway  
  59  4:59  Robotics Facility  
  60  5:01  Probe  
  61  5:07  Probe  
  61  5:12  Probe  
  64  5:20  Gateway  
  65  5:22  Gateway  
  65  5:28  Photon Cannon  
  63  5:30  Photon Cannon  
  63  5:34  Zealot x2  
  67  5:36  Photon Cannon  
  67  5:40  Probe x2  
  69  5:43  Pylon  
  69  5:45  Immortal (Chrono Boost)  
  73  6:00  Templar Archives  
  73  6:01  Zealot x3  
  79  6:05  Shield Battery  
  79  6:08  Shield Battery  
  79  6:10  Shield Battery  
  79  6:14  Pylon  
  79  6:16  Pylon  
  73  6:32  Zealot  
  73  6:33  Zealot x4  
  73  6:39  Cybernetics Core  
Show
View Real Time Build Order
Export as new Build Order

Scarlett Zerg - Winner!

Build Orders: Hatch First 

Get SALT Encoding   

  12  0:00  Drone  
  13  0:13  Overlord  
  13  0:17  Drone  
  14  0:31  Drone x2  
  16  0:50  Hatchery  
  16  0:51  Drone  
  16  0:55  Drone  
  17  0:58  Drone  
  18  1:09  Extractor  
  17  1:13  Spawning Pool  
  17  1:16  Drone  
  17  1:19  Drone  
  18  1:28  Drone  
  19  1:39  Drone  
  20  1:49  Overlord  
  20  2:00  Queen  
  22  2:01  Queen  
  22  2:02  Drone  
  22  2:03  Zergling x2  
  26  2:12  Drone, Metabolic Boost  
  26  2:13  Drone  
  28  2:23  Drone  
  29  2:31  Drone  
  29  2:33  Hatchery  
  30  2:37  Zergling x2  
  30  2:38  Drone  
  31  2:45  Queen  
  31  2:49  Overlord  
  33  2:54  Drone  
  33  2:56  Zergling x2  
  35  3:01  Drone  
  35  3:08  Drone x5  
  35  3:11  Overlord  
  40  3:15  Drone  
  40  3:18  Queen  
  43  3:23  Overlord  
  43  3:30  Drone x3  
  43  3:34  Queen  
  46  3:39  Drone x2  
  50  3:47  Drone x5  
  55  3:55  Queen  
  55  3:56  Overlord  
  55  3:57  Drone x2  
  59  4:05  Overlord  
  59  4:08  Spore Crawler  
  58  4:11  Extractor x2  
  56  4:17  Drone x5  
  56  4:18  Drone x4  
  65  4:25  Drone x5  
  65  4:29  Overlord  
  70  4:33  Roach Warren  
  70  4:36  Queen  
  70  4:38  Extractor  
  70  4:41  Overlord  
  70  4:45  Drone x4  
  73  4:52  Queen  
  73  4:55  Spore Crawler  
  73  4:56  Overlord x2, Spore Crawler  
  73  5:13  Roach x8  
  88  5:20  Roach x3  
  94  5:23  Overlord  
  94  5:24  Lair  
  94  5:32  Roach x2, Zergling x10  
  94  5:34  Ravager x2  
  94  5:35  Ravager  
  106  5:39  Overlord x2  
  106  5:43  Ravager  
  106  5:44  Ravager  
  106  5:46  Zergling x10  
  112  5:51  Overlord  
  112  5:55  Zergling x2  
  112  5:56  Overlord x2  
  113  5:59  Ravager x2  
  113  6:00  Zergling x6  
  113  6:03  Zergling x2  
  113  6:04  Zergling x4  
  121  6:05  Ravager  
  121  6:09  Zergling x4  
  123  6:13  Zergling x6  
  123  6:17  Ravager x2  
  128  6:23  Zergling x12  
  134  6:28  Overseer  

Tags
 
Add a new tag
Caveats
  • Supply blocks, unpowered buildings, or Contaminate may cause inaccurate times.
  • Supply counts are checked every 10 seconds.